 Dungeon Crawl Stone Soup version 0.30.1-11-g7821555f0a (webtiles) character file.

Game seed: 5682637691191027434

97 BigPumpCobain the Insei (level 4, 0/37 HPs)
             Began as a Draconian Transmuter on Dec 3, 2023.
             Slain by an orc wizard
             ... wielding a +0 dagger
              (1 damage)
             ... on level 3 of the Dungeon.
             The game lasted 00:05:47 (2074 turns).

BigPumpCobain the Insei (Draconian Transmuter)      Turns: 2074, Time: 00:05:47

Health: 0/37       AC:  5    Str: 12    XL:     4   Next: 42%
Magic:  8/8        EV: 12    Int: 21    God:
Gold:   206        SH:  0    Dex: 12    Spells: 7/8 levels left

rFire   . .          .
                       - Unarmed
rCold   . . .        (no shield)
rNeg    . . .        (body armour unavailable)
rPois   .            (helmet restricted)
rElec   .            (no cloak)
rCorr   .            (no gloves)
SInv    .            (no boots)
Will    .....        (no amulet)
Stlth   +            c - +6 ring of intelligence
HPRegen 0.26/turn    (no ring)
MPRegen 0.11/turn

%: no passive effects
@: no status effects
A: AC +5, unfitting armour, cold-blooded
a: no special abilities


You were on level 3 of the Dungeon.
You visited 1 branch of the dungeon, and saw 3 of its levels.

You collected 206 gold pieces.

Inventory:

Hand Weapons
 k - a +0 dagger of venom
Jewellery
 c - a +6 ring of intelligence (left hand)
Scrolls
 e - a scroll of teleportation
 f - 4 scrolls of identify
 i - a scroll of torment {unknown}
 l - a scroll of poison {unknown}
Potions
 a - a potion of lignification
 b - a potion of resistance
 d - a potion of berserk rage {unknown}
 g - a potion of ambrosia {unknown}
 h - a potion of curing {unknown}
 j - a potion of brilliance {unknown}
 m - a potion of heal wounds {unknown}


   Skills:
 + Level 2.5 Fighting
 - Level 1.7 Dodging
 + Level 3.6 Unarmed Combat
 + Level 2.7 Spellcasting
 + Level 2.9 Transmutations


You had 7 spell levels left.
You knew the following spells:

 Your Spells              Type           Power      Damage    Failure   Level
a - Beastly Appendage     Tmut           30%        N/A       4%          1

Your spell library contained the following spells:

 Spells                   Type           Power      Damage    Failure   Level
 Wereblood                Tmut           15%        N/A       6%          2
 Magic Dart               Conj           8%         1d3       14%         1
 Call Imp                 Summ           4%         N/A       21%         2
 Spider Form              Tmut/Pois      9%         N/A       22%         3
 Mephitic Cloud           Conj/Pois/Air  2%         N/A       38%         3
 Ice Form                 Ice/Tmut       9%         N/A       58%         4


Dungeon Overview and Level Annotations

Branches:
Dungeon (3/15)

Altars:
Ashenzari


Innate Abilities, Weirdness & Mutations

Your plain brown scales are hard. (AC +5)
You cannot fit into any form of body armour.
You are cold-blooded and may be slowed by cold attacks.


Message History

Your horns disappear.
Your talons disappear.
Something hits you.
You barely miss something. Your punch misses something. Something hits you.
You hit something. Something hits you but does no damage.
You closely miss something.
You hear some strange, mumbled words.
A puff of flame appears from out of thin air!
The puff of flame hits you.
You closely miss something. You closely miss something. Something hits you.
You hit something. Something hits you but does no damage.
You barely miss something. Something hits you.
* * * LOW HITPOINT WARNING * * *
You completely miss something. Something hits you but does no damage.
You closely miss something. Something hits you.
* * * LOW HITPOINT WARNING * * *
You miss something. Your punch misses something.
Something hits you but does no damage.
You miss something. Something hits you.
* * * LOW HITPOINT WARNING * * *
You closely miss something. Something barely misses you.
You hit something but do no damage. Something hits you.
* * * LOW HITPOINT WARNING * * *
You barely miss something.
An orc wizard appears from thin air!
Reactivating autopickup.
The orc wizard casts a spell at you. The magic dart hits you.
* * * LOW HITPOINT WARNING * * *
You closely miss the orc wizard.
Your tail-slap misses the orc wizard.
The orc wizard is severely wounded.
The orc wizard hits you with a +0 dagger.
* * * LOW HITPOINT WARNING * * *
You closely miss the orc wizard.
The orc wizard is severely wounded.
The orc wizard barely misses you.
You hit the orc wizard but do no damage.
You tail-slap the orc wizard.
The orc wizard is almost dead.
The orc wizard hits you with a +0 dagger.
You die...

#########
#.......#
#.......# ....
#.......# ....
#..)....# .....
##)o.## ...
##.)#@.#
.....#..###.#
...#.#......#
#.#........#
#...#......#
...#........#
##.##.......#
.###.##.......#
..............#


You could see an orc wizard.

Vanquished Creatures
  2 adders (D:2)
  2 worms (D:2)
  3 dart slugs
  4 orcs (D:3)
  6 endoplasms
  4 giant cockroaches
  7 goblins
  8 hobgoblins
  A jackal (D:2)
  6 kobolds
  4 quokkas
  A ball python (D:3)
  3 bats
  A frilled lizard (D:2)
  7 rats
59 creatures vanquished.

Notes
Turn   | Place    | Note
-------+----------+-------------------------------------------
     0 | D:1      | BigPumpCobain the Draconian Transmuter began the quest for
                  | the Orb.
     0 | D:1      | Reached XP level 1. HP: 16/16 MP: 3/3
   147 | D:1      | Found a faded altar of an unknown god.
   148 | D:1      | Noticed a great orb of eyes
   150 | D:1      | Noticed a shining eye
   150 | D:1      | Noticed a great orb of eyes
   150 | D:1      | Noticed an eye of devastation
   186 | D:1      | Reached XP level 2. HP: 22/23 MP: 3/5
  1009 | D:2      | Reached XP level 3. HP: 29/29 MP: 6/6
  1096 | D:2      | Found a broken altar of Ashenzari.
  1569 | D:2      | Reached XP level 4. HP: 32/37 MP: 5/7
  2071 | D:3      | HP: 1/37 [orc wizard/magic dart (5)]
  2074 | D:3      | Slain by an orc wizard

Illustrated notes

Levels and vault maps discovered:
D:1:      sevenhm_arrival_forest_fort_small_4, layout_basic,
          hellmonk_ecumenical_altar_watching_god
D:2:      layout_loops_ring, basic_altar, minmay_quadrilaterals
D:3:      layout_rooms, mainiacjoe_overflow_swirl

Skill      XL: |  1  2 |
---------------+-------+-----
Fighting       | 2 |  2.5
Dodging        | |  1.7
Unarmed Combat | |  3.6
Spellcasting   | |  2.7
Transmutations | |  2.9

Action                     |  1- 3 |  4- 6 || total
---------------------------+-------+-------++-------
  Melee: Unarmed           |   113 |    64 ||   177
         Kick              |    25 |    11 ||    36
         Tailslap          |    14 |     9 ||    23
         Punch             |     3 |       ||     3
         Headbutt          |    10 |     8 ||    18
   Cast: Beastly Appendage |    28 |     8 ||    36
    Use: Scroll            |     3 |       ||     3
 Armour: Skin              |    23 |    23 ||    46
  Dodge: Dodged            |    64 |    35 ||    99
